 Dungeon Crawl Stone Soup version 0.17-a0-2073-gde5cdba (webtiles) character file.

2744 ololoev the Cleaver (level 9, -2/71 HPs)
             Began as a Hill Orc Fighter on Oct 15, 2015.
             Was a Believer of Makhleb.
             Succumbed to poison (a potion of poison)
             ... on level 9 of the Dungeon.
             The game lasted 00:17:05 (2270 turns).

ololoev the Cleaver (Hill Orc Fighter)              Turns: 2270, Time: 00:17:05

Health: -2/71      AC: 15    Str: 21 (22) XL:     9   Next: 68%
Magic:  15/15      EV: 10    Int:  8      God:    Makhleb [**....]
Gold:   245        SH:  9    Dex: 15      Spells: 0 memorised, 8 levels left

rFire  . . .     SeeInvis +     a - +1 broad axe (chop)
rCold  . . .     Clarity  .     d - +0 chain mail
rNeg   . . .     SustAt   .     c - +0 shield
rPois  .         Gourm    .     (no helmet)
rElec  .         Spirit   .     j - +0 cloak
rCorr  .         Warding  .     (no gloves)
rMut   .         Stasis   .     B - +2 pair of boots
MR     +....                    (no amulet)
Stlth  ..........               r - ring of protection from magic
                                g - ring of see invisible

@: agile, lethally poisoned (-2 -> -36), flying, very slightly contaminated,
invisible, somewhat resistant to hostile enchantments, extremely unstealthy
A: no striking features
a: Minor Destruction, Renounce Religion

Inventory:

Hand Weapons
 a - a +1 broad axe of chopping (weapon)
Missiles
 l - 24 poisoned needles
Armour
 c - a +0 shield (worn)
 d - a +0 chain mail (worn)
 j - a +0 cloak (worn)
 z - the cursed -8 naga barding of Altruism {*Contam rF++, unknown}
   (You found it on level 6 of the Dungeon)

   It greatly protects you from fire.
   It causes magical contamination when unequipped.
   It has a curse placed upon it.
 B - a +2 pair of boots (worn)
Jewellery
 g - a ring of see invisible (left hand)
 r - a ring of protection from magic (right hand)
Wands
 t - a wand of flame (30)
Scrolls
 k - 2 scrolls of amnesia
 n - 2 scrolls of fog {unknown}
 p - 2 scrolls of recharging {unknown}
 v - a scroll of remove curse {unknown}
 w - a scroll of fear {unknown}
 y - a scroll of enchant armour {unknown}
 A - 2 scrolls of teleportation {unknown}
Potions
 o - a potion of degeneration
 q - a potion of brilliance
Comestibles
 b - a slice of pizza
 e - 4 bread rations
 f - 7 fruits
 m - 2 beef jerkies
 D - a meat ration


   Skills:
 - Level 3.9 Fighting
 * Level 11.9 Axes
 + Level 7.9 Armour
 - Level 3.2 Shields
 + Level 8.1 Invocations


You had 8 spell levels left.
You didn't know any spells.


You were on level 9 of the Dungeon.
You worshipped Makhleb.
Makhleb was pleased with you.
You were very hungry.

You visited 1 branch of the dungeon, and saw 10 of its levels.
You also visited: Ossuary.

You collected 467 gold pieces.
You spent 222 gold pieces at shops.

. #. ############ y..
#..........# .y..
####..........### .....
..............'.###......
.#.#..........#.@yy?.....
..............#####......
.#.#..........# .....
.....##'####### #.##
.#.#.##.# .. .#
.....##.## ##... #
.#.......# .....#
.#######.#####.#.#.#
.#####.............#

Notes
Turn   | Place    | Note
--------------------------------------------------------------
     0 | D:1      | ololoev the Hill Orc Fighter began the quest for the Orb.
     0 | D:1      | Reached XP level 1. HP: 19/19 MP: 1/1
   103 | D:1      | Reached XP level 2. HP: 24/27 MP: 2/2
   219 | D:2      | Found a burning altar of Makhleb.
   233 | D:2      | Became a worshipper of Makhleb the Destroyer
   308 | D:3      | Reached XP level 3. HP: 20/33 MP: 3/3
   315 | D:3      | Found a blossoming altar of Fedhas.
   383 | D:4      | Found Tuomn's Antique Weapon Shoppe.
   592 | D:4      | Reached skill level 4 in Axes
   592 | D:4      | Reached skill level 1 in Invocations
   639 | D:5      | Entered Level 5 of the Dungeon
   721 | D:5      | Found a bloodstained altar of Trog.
   751 | D:5      | Found a sand-covered staircase.
   756 | Ossuary  | Entered an ossuary
   770 | Ossuary  | Reached * piety under Makhleb
   793 | Ossuary  | Reached XP level 4. HP: 30/40 MP: 3/5
   826 | Ossuary  | Reached skill level 5 in Axes
   826 | Ossuary  | Reached XP level 5. HP: 20/46 MP: 6/6
  1142 | D:4      | Bought a runed broad axe for 92 gold pieces
  1192 | D:6      | Noticed an orc warrior
  1203 | D:6      | Killed an orc warrior
  1203 | D:6      | Reached skill level 6 in Axes
  1203 | D:6      | Reached XP level 6. HP: 37/52 MP: 6/8
  1247 | D:6      | Noticed a giant frog
  1253 | D:6      | Killed a giant frog
  1253 | D:6      | Reached skill level 5 in Armour
  1267 | D:6      | Noticed an ogre
  1268 | D:6      | Noticed a water moccasin
  1287 | D:6      | Killed a water moccasin
  1287 | D:6      | Reached skill level 7 in Axes
  1287 | D:6      | Reached XP level 7. HP: 21/58 MP: 8/10
  1290 | D:6      | Killed an ogre
  1334 | D:6      | Got a faintly glowing naga barding
  1377 | D:7      | Found Mazxof's Antique Armour Boutique.
  1381 | D:7      | Bought a pair of runed boots for 130 gold pieces
  1470 | D:7      | Reached ** piety under Makhleb
  1499 | D:8      | Noticed Maurice
  1501 | D:8      | Noticed Grum
  1520 | D:8      | Killed Grum
  1520 | D:8      | Reached skill level 8 in Axes
  1520 | D:8      | Reached skill level 5 in Invocations
  1520 | D:8      | Reached XP level 8. HP: 53/66 MP: 11/11
  1544 | D:8      | Reached skill level 9 in Axes
  1742 | D:8      | Reached skill level 10 in Axes
  1918 | D:8      | Noticed Erica
  1933 | D:8      | Killed Erica
  1933 | D:8      | Reached skill level 11 in Axes
  1933 | D:8      | Reached XP level 9. HP: 71/71 MP: 14/14
  2020 | D:8      | Killed Maurice
  2151 | D:10     | Entered Level 10 of the Dungeon
  2269 | D:9      | HP: 1/71 [poisoned by a killer bee]
  2270 | D:9      | Succumbed to poison (a potion of poison)

Dungeon Overview and Level Annotations

Branches:
Dungeon (10/15)
 Temple: D:4-7         Lair: D:8-11         Orc: D:9-12

Altars:
Fedhas
Makhleb
Trog

Shops:
D:4 (   D:7 [


Message History

You hit the killer bee.
The killer bee is heavily wounded.
You feel sick. The killer bee stings you.
You are more poisoned.
The killer bee poisons you!
The killer bee stings you but does no damage.
You hit the killer bee.
The killer bee is almost dead.
You feel sick. You block the killer bee's attack.
The killer bee barely misses you.
You slash the killer bee!
You kill the killer bee!
Makhleb accepts your kill.
You feel better.
You feel sick. You block the killer bee's attack. The killer bee stings you.
Drink which item? (? for menu, Esc to quit)
It was a potion of degeneration.
There was something very wrong with that liquid.
You feel weakened.
You feel sick. The killer bee stings you.
You are more poisoned.
The killer bee poisons you! The killer bee misses you.
Drink which item? (? for menu, Esc to quit)
It was a potion of flight.
You feel very buoyant.
You fly up into the air.
You feel sick. The killer bee completely misses you.
The killer bee stings you but does no damage.
Drink which item? (? for menu, Esc to quit)
It was a potion of invisibility.
You fade into invisibility!
You feel sick. The killer bee completely misses you.
You block the killer bee's attack.
You are very lightly contaminated with residual magic.
You miss the killer bee.
You feel very sick. You block the killer bee's attack.
The killer bee barely misses you.
Drink which item? (? for menu, Esc to quit)
It was a potion of poison.
That liquid tasted very nasty...
You are more poisoned.
You die...

You could see 2 killer bees.

Vanquished Creatures
  Erica (D:8)
  Maurice (D:8)
  5 killer bees
  Grum (D:8)
  A water moccasin (D:6)
  An orc warrior (D:6)
  A sky beast (D:9)
  2 ogres
  A giant frog (D:6)
  A hound (D:6)
  A giant frog zombie (D:6)
  An orc wizard (D:6)
  An iguana (D:6)
  2 worker ants (D:8)
  A big kobold zombie (Ossuary)
  8 mummies (Ossuary)
  2 adders
  4 gnolls (D:7)
  A worm (D:2)
  2 giant geckos
  7 orcs
  3 giant cockroaches
  2 goblins
  2 hobgoblins (D:2)
  4 jackals (D:7)
  3 bats
  A giant cockroach zombie (D:5)
  2 giant newts
  2 gnoll zombies (Ossuary)
  A hobgoblin zombie (Ossuary)
  2 kobolds (D:1)
  3 kobold zombies (Ossuary)
  An orc zombie (Ossuary)
  A quokka (D:2)
  3 rats
75 creatures vanquished.

Vanquished Creatures (collateral kills)
  A wolf (D:8)
  4 killer bees (D:8)
  A giant frog zombie (D:8)
  An orc wizard (D:8)
  An orc (D:8)
8 creatures vanquished.

Vanquished Creatures (others)
  2 wolves (D:8)
  A killer bee (D:8)
  An orc (D:8)
  A toadstool (D:5)
5 creatures vanquished.

Grand Total: 88 creatures vanquished

Action                   |  1- 3 |  4- 6 |  7- 9 || total
-------------------------+-------+-------+-------++-------
Melee: War axe           |   112 |    45 |       ||   157
       Broad axe         |       |    25 |   143 ||   168
Invok: Minor Destruction |       |       |     4 ||     4
Evoke: Wand              |       |       |     7 ||     7
  Use: Potion            |       |     5 |    10 ||    15
       Scroll            |       |       |     3 ||     3
  Eat: Chunk             |       |     2 |     3 ||     5

Vault maps used:
D:1:      lightli_arrival_quake
D:2:      lemuel_doored_altar, uniq_robin
D:3:      overflow_temple_1_default, first_bread, uniq_jessica
D:4:      nicolae_overflow_hidden_temple, minmay_temple_entry_from_below_b,
          serial_shops, nicolae_shop_window_shopping
D:5:      kennysheep_mini, enter_ossuary_2, lasty_cornered_adventurer
D:6:      lightli_sewer_entry_pipes
D:7:      serial_shops, shop_statue, nicolae_shop_crystal, nicolae_shop_trees,
          shop_fountains, shop
D:8:      special_room, uniq_grum, uniq_maurice, uniq_erica
D:9:      serial_glass, glass_columns_b, glass_columns_a, glass_columns_a,
          glass_columns_c, glass_columns_b, glass_columns_b, glass_columns_b,
          glass_columns_a
D:10:     david_orc_4, enter_trove_2, grunt_tengu_nest, tso_altar
Ossuary:  ossuary_tomb_3
